Map: Blackpink LE

Players

Namshar

  • Race: Zerg Zerg
  • League: Master
  • Spawn Location: 7:00

ShoWTimE - Winner!

  • Race: Protoss Protoss
  • League: Grandmaster
  • Spawn Location: 1:00

Event: WESG Barcelona European Finals 2017

VOD

Have the link to the VOD?

Description

Time

  • Played on: Nov. 25, 2017, 10:56 a.m.
  • Length: 15:10

All games in this series

Show
View Real Time Build Order
Export as new Build Order

Namshar Zerg 

Build Orders: Hatch First, Lurkers 

Get SALT Encoding   

  12  0:00  Drone  
  13  0:12  Overlord  
  13  0:17  Drone  
  14  0:30  Drone  
  14  0:31  Drone  
  16  0:49  Hatchery  
  15  0:51  Drone  
  15  0:54  Drone  
  17  0:58  Drone  
  18  1:08  Extractor  
  17  1:13  Spawning Pool  
  17  1:16  Drone  
  17  1:19  Drone  
  18  1:27  Drone  
  19  1:38  Overlord  
  19  1:49  Drone  
  20  2:00  Queen  
  22  2:02  Zergling x4, Queen  
  22  2:08  Metabolic Boost  
  26  2:11  Drone  
  26  2:13  Drone  
  28  2:22  Drone x2  
  30  2:33  Drone x2  
  32  2:43  Hatchery  
  31  2:48  Pneumatized Carapace  
  31  2:53  Overlord  
  31  2:58  Zergling x4  
  31  3:03  Zergling x2  
  35  3:05  Drone x2  
  35  3:11  Queen  
  38  3:18  Drone x2  
  38  3:19  Drone  
  41  3:23  Drone x2  
  41  3:26  Drone  
  44  3:32  Overlord  
  44  3:34  Overlord  
  44  3:40  Spore Crawler  
  43  3:41  Spore Crawler  
  43  3:47  Zergling x4  
  43  3:48  Zergling x2  
  44  3:51  Queen  
  44  3:53  Drone  
  44  3:55  Drone x2  
  49  3:57  Drone  
  50  4:05  Overlord  
  50  4:08  Drone x4  
  54  4:11  Spore Crawler  
  54  4:14  Zergling x2  
  53  4:25  Drone x5  
  53  4:29  Overlord, Queen  
  60  4:33  Evolution Chamber  
  59  4:44  Drone  
  60  4:46  Drone x5  
  60  4:52  Overlord  
  65  4:54  Lair  
  65  4:56  Drone x5  
  70  5:01  Zerg Melee Weapons Level 1  
  70  5:05  Extractor  
  70  5:06  Drone  
  70  5:07  Overlord x2, Extractor  
  68  5:15  Baneling Nest  
  68  5:18  Drone x7  
  73  5:25  Extractor  
  73  5:26  Extractor  
  71  5:29  Overlord x2  
  71  5:34  Drone  
  72  5:35  Drone  
  72  5:36  Drone x2  
  72  5:37  Drone  
  72  5:38  Drone x2  
  76  5:46  Hatchery  
  76  5:47  Drone  
  76  5:49  Extractor  
  75  5:55  Drone  
  75  5:57  Drone, Hydralisk Den  
  75  5:58  Drone  
  75  6:01  Queen  
  79  6:06  Zergling x16  
  87  6:17  Hatchery  
  87  6:22  Overlord x2  
  87  6:23  Drone x3  
  90  6:26  Centrifical Hooks  
  90  6:27  Overlord, Muscular Augments  
  90  6:28  Overlord, Lurker Den  
  90  6:30  Hydralisk x2  
  93  6:34  Hydralisk  
  95  6:47  Overlord x2  
  95  6:48  Drone  
  95  6:50  Hatchery, Hydralisk x3  
  101  7:00  Drone  
  101  7:01  Hydralisk, Infestation Pit  
  101  7:02  Hydralisk x3  
  101  7:05  Drone x4  
  112  7:16  Drone x3  
  115  7:24  Queen  
  117  7:33  Extractor  
  117  7:35  Extractor, Drone  
  115  7:51  Zerg Melee Weapons Level 2, Hive  
  113  7:53  Drone  
  113  7:54  Hydralisk x10  
  113  7:55  Overlord  
  113  7:56  Overlord, Evolution Chamber  
  133  7:58  Drone x2  
  133  7:59  Drone x2  
  138  8:06  Lurker x2  
  138  8:07  Lurker  
  139  8:13  Queen  
  141  8:20  Drone x2  
  141  8:22  Spine Crawler  
  141  8:23  Lurker x2  
  141  8:24  Spine Crawler, Hatchery  
  142  8:31  Lurker  
  142  8:33  Lurker  
  144  8:39  Zergling x28  
  158  8:41  Zerg Ground Armor Level 1  
  158  8:48  Spire, Hydralisk x3  
  162  8:59  Lurker x2  
  162  9:10  Hydralisk x5  
  162  9:15  Queen  
  162  9:16  Queen  
  162  9:17  Drone x3  
  177  9:20  Adaptive Talons  
  175  9:24  Overseer  
  175  9:25  Overseer  
  171  9:40  Hydralisk x6  
  179  9:52  Overlord x6  
  170  10:03  Hydralisk x3  
  166  10:09  Hydralisk  
  166  10:10  Hydralisk x7  
  168  10:16  Hydralisk x2  
  168  10:17  Hydralisk x3  
  156  10:31  Greater Spire  
  156  10:37  Hatchery, Extractor  
  156  10:38  Extractor  
  156  10:39  Queen  
  156  10:40  Drone x2  
  156  10:41  Drone, Corruptor  
  160  10:52  Queen  
  158  11:01  Corruptor x3  
  163  11:13  Drone x3  
  155  11:40  Drone  
  155  11:41  Drone x4  
  155  11:42  Extractor  
  148  11:50  Zerg Ground Armor Level 2  
  148  11:51  Spire, Zerg Melee Weapons Level 3  
  148  11:52  Hydralisk x5  
  148  11:53  Zergling x16  
  148  12:04  Spawning Pool  
  148  12:07  Drone  
  148  12:08  Drone x5  
  150  12:16  Drone x2  
  150  12:17  Drone x4  
  156  12:24  Drone x2  
  156  12:25  Drone x4  
  154  12:44  Hydralisk x4  
  154  12:45  Hydralisk x5  
  172  12:58  Hydralisk x8  
  162  13:19  Hydralisk x8  
  153  13:20  Hydralisk  
  144  13:41  Hatchery, Hydralisk  
  144  13:42  Hydralisk x2  
  137  14:00  Zergling x10  
  137  14:01  Zergling x12  
  146  14:29  Hydralisk x8  
  130  14:43  Hydralisk x4  
Show
View Real Time Build Order
Export as new Build Order

ShoWTimE Protoss - Winner!

Build Orders: Nexus First, Oracle Opening, Carriers 

Get SALT Encoding   

  12  0:00  Probe  
  13  0:12  Probe  
  14  0:18  Pylon  
  14  0:24  Probe  
  15  0:36  Probe (Chrono Boost)  
  16  0:47  Probe (Chrono Boost)  
  17  0:58  Nexus  
  17  1:08  Gateway  
  17  1:10  Probe (Chrono Boost)  
  19  1:19  Assimilator  
  19  1:22  Probe (Chrono Boost)  
  19  1:25  Probe  
  20  1:26  Assimilator  
  20  1:37  Probe  
  21  1:45  Gateway  
  21  1:49  Probe  
  22  1:55  Cybernetics Core  
  22  2:01  Probe  
  23  2:05  Pylon  
  23  2:11  Probe  
  23  2:13  Probe  
  25  2:23  Probe  
  25  2:25  Probe  
  27  2:32  Adept x2 (Chrono Boost)  
  27  2:33  Warp Gate  
  27  2:35  Probe  
  32  2:37  Probe  
  33  2:44  Stargate  
  33  2:48  Probe  
  34  2:52  Adept  
  34  2:54  Probe  
  37  3:00  Probe  
  38  3:06  Probe  
  38  3:07  Adept  
  38  3:12  Probe  
  42  3:15  Pylon  
  42  3:18  Probe  
  43  3:24  Probe  
  44  3:30  Probe  
  44  3:33  Oracle (Chrono Boost), Adept  
  50  3:36  Probe  
  50  3:40  Pylon  
  51  3:43  Probe  
  51  3:46  Adept  
  54  3:50  Shield Battery  
  54  3:56  Pylon  
  54  3:58  Probe x2  
  54  3:59  Assimilator  
  56  4:02  Phoenix (Chrono Boost)  
  56  4:03  Assimilator  
  58  4:10  Probe x2  
  58  4:17  Robotics Facility  
  60  4:22  Probe x2  
  62  4:34  Probe x2  
  62  4:35  Pylon  
  62  4:38  Oracle  
  67  4:45  Nexus  
  67  4:47  Probe x2  
  67  4:50  Pylon  
  69  4:55  Shield Battery  
  69  4:56  Shield Battery  
  69  4:58  Pylon  
  69  4:59  Probe x2  
  71  5:05  Observer  
  72  5:08  Sentry x2  
  72  5:10  Shield Battery  
  72  5:11  Probe x2  
  78  5:18  Shield Battery  
  78  5:23  Probe (Chrono Boost)  
  78  5:24  Probe (Chrono Boost)  
  78  5:26  Twilight Council  
  78  5:28  Forge  
  80  5:32  Pylon  
  80  5:33  Warp Prism  
  84  5:35  Probe (Chrono Boost)  
  84  5:36  Probe (Chrono Boost)  
  84  5:41  Probe x2 (Chrono Boost)  
  86  5:46  Robotics Bay  
  86  5:49  Probe  
  87  5:50  Probe  
  87  5:56  Blink  
  88  5:57  Probe  
  88  6:02  Gateway x2  
  88  6:04  Probe  
  90  6:06  Protoss Ground Weapons Level 1 (Chrono Boost)  
  90  6:08  Probe  
  91  6:13  Assimilator  
  91  6:14  Probe  
  91  6:15  Assimilator  
  91  6:16  Probe  
  97  6:36  Colossus (Chrono Boost)  
  99  6:41  Pylon  
  99  6:44  Extended Thermal Lance (Chrono Boost)  
  99  6:45  Gateway  
  99  6:46  Gateway, Sentry  
  99  6:47  Gateway, Stalker  
  103  6:51  Gateway  
  103  7:04  Probe  
  104  7:10  Stalker x4  
  104  7:12  Colossus (Chrono Boost)  
  118  7:16  Shield Battery  
  118  7:17  Shield Battery  
  118  7:20  Shield Battery, Pylon  
  118  7:21  Pylon  
  118  7:25  Pylon  
  118  7:41  Forge, Stalker x2  
  122  7:44  Pylon  
  122  7:45  Colossus (Chrono Boost)  
  128  7:52  Protoss Ground Weapons Level 2 (Chrono Boost)  
  128  7:56  Charge  
  128  7:58  Photon Cannon  
  128  8:14  Pylon, Nexus  
  128  8:15  Templar Archives  
  128  8:17  Pylon  
  128  8:25  Zealot x6  
  128  8:26  Zealot x2, Protoss Ground Armor Level 1 (Chrono Boost)  
  144  8:37  Immortal (Chrono Boost)  
  144  8:38  Probe x2  
  144  8:39  Probe  
  151  8:43  Photon Cannon  
  151  8:46  Photon Cannon  
  151  8:47  Shield Battery  
  151  8:50  Shield Battery  
  151  8:52  Zealot x2  
  151  8:54  Zealot  
  157  8:57  Zealot  
  157  9:00  Psionic Storm  
  159  9:07  Zealot x4  
  167  9:17  High Templar x2  
  171  9:25  Zealot x2  
  171  9:31  Fleet Beacon  
  175  9:32  Stargate  
  173  9:42  Zealot x3  
  173  9:43  Stargate  
  173  9:44  Protoss Ground Weapons Level 3  
  179  9:46  Zealot x2  
  183  10:03  Zealot x2  
  183  10:06  Probe x2  
  175  10:28  High Templar  
  148  10:30  Assimilator  
  148  10:31  Carrier x2 (Chrono Boost)  
  148  10:32  Carrier (Chrono Boost)  
  148  10:33  Assimilator  
  148  10:34  Zealot x3  
  148  10:35  Zealot  
  170  10:40  Protoss Ground Armor Level 2 (Chrono Boost)  
  170  10:43  High Templar x2  
  170  10:48  Pylon  
  170  10:49  Graviton Catapult (Chrono Boost)  
  174  10:56  Nexus  
  174  10:58  Colossus  
  180  11:12  Pylon  
  174  11:23  Zealot x8  
  188  11:31  Photon Cannon  
  188  11:32  Photon Cannon  
  188  11:34  Photon Cannon  
  188  11:35  Shield Battery  
  188  11:36  Carrier (Chrono Boost), Shield Battery  
  188  11:37  Shield Battery  
  190  11:46  Carrier (Chrono Boost)  
  186  11:52  Colossus (Chrono Boost)  
  192  12:04  Protoss Air Weapons Level 1 (Chrono Boost)  
  190  12:10  Assimilator x2  
  178  12:16  Zealot x5  
  178  12:17  Zealot x2  
  178  12:22  Protoss Shields Level 1 (Chrono Boost)  
  190  12:27  Mothership  
  194  12:45  Zealot x3, High Templar x2  
  190  13:13  High Templar x3  
  190  13:15  Carrier (Chrono Boost)  
  196  13:38  Warp Prism  
  196  13:40  Pylon  
  194  13:48  Nexus  
  194  13:50  Pylon  
  194  14:13  Photon Cannon  
  194  14:14  Photon Cannon  
  194  14:15  Nexus  
  194  14:16  Photon Cannon  
  194  14:17  Photon Cannon, Pylon  
  194  14:18  Photon Cannon  
  194  14:20  Photon Cannon  
  194  14:23  Photon Cannon  
  194  14:25  Shield Battery  
  194  14:29  Shield Battery  
  190  14:31  Shield Battery  
  190  14:32  Shield Battery  
  190  14:35  Pylon  
  190  14:51  Archon  
  200  15:01  Photon Cannon  
  200  15:02  Photon Cannon  
Tags
 
Add a new tag
Caveats
  • Supply blocks, unpowered buildings, or Contaminate may cause inaccurate times.
  • Supply counts are checked every 10 seconds.